 Dungeon Crawl Stone Soup version 0.32-a0-630-g46d191b0ed (webtiles) character file.

Game seed: 3405635679983270137

390845 cforsyth the Executioner (level 22, -7/172 (195) HPs)
             Began as a Mountain Dwarf Necromancer on Mar 7, 2024.
             Was the Champion of Kikubaaqudgha.
             Mangled by a spriggan defender
             ... wielding a +5 short sword of speed
              (16 damage)
             ... on level 15 of the Dungeon.
             The game lasted 03:53:42 (84272 turns).

cforsyth the Executioner (MDNe)                    Turns: 84272, Time: 03:53:42

HP:   -7/172 (195)  AC: 31    Str: 25    XL:     22   Next: 9%
MP:   16/34         EV: 10    Int: 25    God:    Kikubaaqudgha [******]
Gold: 2909          SH:  9    Dex: 12    Spells: 4/38 levels left

rFire   + + .        J - +4 broad axe "Qiwal" {flame, rElec rCorr}
rCold   + . .        G - +2 buckler {reflect}
rNeg    . . .        t - +1 shadow dragon scales
rPois   +            O - +0 hat of Leapfrog {rElec Str+4 Dex+2}
rElec   +            S - +1 cloak {rF+}
rCorr   +            g - +2 pair of gloves
SInv    .            q - +3 pair of mountain boots {steadfast, rC+}
Will    +++..        d - amulet of regeneration
Stlth   +++          Q - ring of Qoipuo {rF+ rC- rCorr Str+4 Int+4}
HPRegen 1.28/turn    P - ring "Esaahuot" {rPois rC+ Will+}
MPRegen 0.24/turn

%: reflection
@: fragile (+50% incoming damage), hasted, heavily drained, very quick
A: runic magic, artefact enchanting
}: 2/15 runes: decaying, serpentine
a: Renounce Religion, Unearth Wretches, Torment


You were on level 15 of the Dungeon.
You worshipped Kikubaaqudgha.
Kikubaaqudgha was exalted by your worship.
You visited 9 branches of the dungeon, and saw 39 of its levels.
You also visited: Sewer, Volcano and Desolation.

You collected 4832 gold pieces.
You spent 1923 gold pieces at shops.


Innate Abilities, Weirdness & Mutations

Your spellcasting is much less encumbered by armour.
You can use scrolls of enchantment on lesser artefacts.


   Skills:
 + Level 16.1 Fighting
 + Level 24.5 Axes
 + Level 16.9 Armour
 + Level 5.0 Dodging
 - Level 1.4 Stealth
 - Level 12.0 Shields
 + Level 8.9 Spellcasting
 - Level 16.1 Summonings
 + Level 18.6 Necromancy
 - Level 8.7 Earth Magic


You had 4 spell levels left.
You knew the following spells:

 Your Spells              Type           Power      Damage    Failure   Level
a - Animate Dead          Necr           81%        N/A       1%          4
b - Borgnjor's Vile Clut  Necr/Erth      34%        N/A       1%          5
d - Death Channel         Necr           40%        N/A       1%          6
h - Haunt                 Necr/Summ      39%        N/A       5%          7
n - Dispel Undead         Necr           81%        3d26      1%          4
w - Stone Arrow           Conj/Erth      66%        3d11      4%          3
X - Necrotise             Necr           100%       1d9       0%          1
Y - Anguish               Hex/Necr       27%        N/A       1%          4

Your spell library contained the following spells:

 Spells                   Type           Power      Damage    Failure   Level
 Call Imp                 Summ           100%       N/A       0%          2
 Sublimation of Blood     Necr           81%        N/A       0%          2
 Vampiric Draining        Necr           81%        2d11      0%          3
 Cigotuvi's Dreadful Rot  Necr/Alch/Air  84%        N/A       1%          2
 Summon Ice Beast         Ice/Summ       51%        N/A       1%          3
 Animate Armour           Summ/Erth      100%       N/A       1%          4
 Martyr's Knell           Necr/Summ      78%        N/A       1%          4
 Summon Blazeheart Golem  Fire/Summ      51%        N/A       3%          4
 Summon Lightning Spire   Summ/Air       51%        N/A       3%          4
 Magic Dart               Conj           44%        1d5       9%          1
 Slow                     Hex            44%        N/A       9%          1
 Sting                    Conj/Alch      44%        1d5       9%          1
 Blink                    Tloc           22%        N/A       13%         2
 Lesser Beckoning         Tloc           22%        N/A       13%         2
 Mercury Vapours          Alch/Air       22%        N/A       13%         2
 Momentum Strike          Conj/Tloc      22%        3d8       13%         2
 Scorch                   Fire           22%        2d5       13%         2
 Searing Ray              Conj           22%        2d5       13%         2
 Static Discharge         Conj/Air       22%        3-4/arc   13%         2
 Leda's Liquefaction      Alch/Erth      16%        N/A       14%         4
 Petrify                  Alch/Erth      33%        N/A       14%         4
 Confusing Touch          Hex            11%        N/A       26%         3
 Dazzling Flash           Conj/Hex       22%        N/A       26%         3
 Frozen Ramparts          Ice            22%        1d4       26%         3
 Gell's Gravitas          Tloc           11%        N/A       26%         3
 Mephitic Cloud           Conj/Alch/Air  11%        N/A       26%         3
 Sigil of Binding         Hex            11%        N/A       26%         3
 Teleport Other           Tloc           11%        N/A       26%         3
 Tukima's Dance           Hex            11%        N/A       26%         3
 Volatile Blastmotes      Fire/Tloc      22%        2d11      26%         3
 Airstrike                Air            5%         2d(1-17)  63%         4
 Dimensional Bullseye     Hex/Tloc       5%         N/A       63%         4
 Flame Wave               Conj/Fire      11%        2d6       63%         4
 Fulminant Prism          Conj/Alch      5%         3d7       63%         4
 Iskenderun's Mystic Bla  Conj/Tloc      11%        2d4       63%         4
 Manifold Assault         Tloc           11%        N/A       63%         4
 Vhi's Electric Charge    Tloc/Air       22%        N/A       63%         4
 Curse of Agony           Necr           81%        N/A       1%          5
 Summon Cactus Giant      Summ           37%        N/A       1%          6
 Lee's Rapid Deconstruct  Erth           26%        3d14*     6%          5
 Summon Forest            Summ/Tloc      25%        N/A       9%          5
 Summon Mana Viper        Hex/Summ       51%        N/A       9%          5
 Summon Hydra             Summ           37%        N/A       10%         7
 Borgnjor's Revivificati  Necr           40%        N/A       26%         8
 Infestation              Necr           40%        N/A       26%         8
 Summon Horrible Things   Summ           37%        N/A       58%         8
 Bombard                  Conj/Erth      16%        9d3       91%         6
 Alistair's Intoxication  Alch           7%         N/A       93%         5
 Arcjolt                  Conj/Air       5%         1d15      93%         5
 Freezing Cloud           Conj/Ice/Air   5%         6-21      93%         5
 Irradiate                Conj/Alch      5%         3d13      93%         5
 Iskenderun's Battlesphe  Conj           11%        2d7       93%         5
 Malign Gateway           Summ/Tloc      25%        N/A       95%         7
 Spellforged Servitor     Conj/Summ      25%        N/A       95%         7
 Death's Door             Necr           40%        N/A       99%         9
 Dispersal                Tloc           5%         N/A       100%        6
 Eringya's Noxious Bog    Alch           5%         4d6       100%        6
 Plasma Beam              Fire/Air       5%         2x1d16    100%        6
 Sculpt Simulacrum        Ice/Alch       5%         N/A       100%        6
 Starburst                Conj/Fire      5%         6d4       100%        6
 Orb of Destruction       Conj           5%         9d5       100%        7
 Disjunction              Tloc           5%         N/A       100%        8
 Lehudib's Crystal Spear  Conj/Erth      16%        10d5      100%        8
 Maxwell's Capacitive Co  Air            5%         ∞         100%        8

Inventory:

Hand Weapons
 e - a +4 broad axe of freezing
 J - the +4 broad axe "Qiwal" (weapon) {flame, rElec rCorr}
   (You found it in the Desolation of Salt)

   rElec:     It insulates you from electricity.
   rCorr:     It protects you from acid and corrosion.
Armour
 g - a +2 pair of gloves (worn)
 q - the +3 pair of mountain boots (worn) {steadfast, rC+}
   (You bought it in a shop on level 1 of the Elven Halls)

   Steadfast: It prevents involuntary movement, except for blinking,
   teleportation, or banishment.
   rC+:       It protects you from cold.
 t - +1 shadow dragon scales (worn)
 G - a +2 buckler of reflection (worn)
 O - the +0 hat of Leapfrog (worn) {rElec Str+4 Dex+2}
   (You found it on level 4 of the Lair of Beasts)

   Str+4:     It affects your strength (+4).
   Dex+2:     It affects your dexterity (+2).
   rElec:     It insulates you from electricity.
 S - a +1 cloak of fire resistance (worn)
 T - a +0 kite shield of positive energy
Jewellery
 d - an amulet of regeneration (around neck)
 v - a ring of see invisible
 C - a ring of protection from cold
 F - a ring of protection from fire
 H - an amulet of reflection
 I - a +6 ring of intelligence
 P - the ring "Esaahuot" (right hand) {rPois rC+ Will+}
   (You found it in the Desolation of Salt)

   [ring of protection from cold]

   rC+:       It protects you from cold.
   rPois:     It protects you from poison.
   Will+:     It increases your willpower.
 Q - the ring of Qoipuo (left hand) {rF+ rC- rCorr Str+4 Int+4}
   (You took it off an ironbound convoker in the Desolation of Salt)

   [ring of resist corrosion]

   Str+4:     It affects your strength (+4).
   Int+4:     It affects your intelligence (+4).
   rF+:       It protects you from fire.
   rC-:       It makes you vulnerable to cold.
   rCorr:     It protects you from acid and corrosion.
Wands
 i - a wand of iceblast (5)
 n - a wand of charming (34)
 B - a wand of digging (3)
 U - a wand of quicksilver (5)
 Z - a wand of mindburst (23)
Scrolls
 a - 7 scrolls of torment
 l - 5 scrolls of fear
 m - 13 scrolls of vulnerability
 p - 6 scrolls of revelation
 r - 2 scrolls of amnesia
 s - 3 scrolls of teleportation {@r2}
 x - 9 scrolls of fog
 y - a scroll of blinking
 A - 4 scrolls of immolation
 D - 6 scrolls of poison
 K - 2 scrolls of brand weapon
 N - a scroll of silence {!r}
 V - 10 scrolls of enchant armour
 W - 3 scrolls of enchant weapon
 X - a scroll of summoning
Potions
 b - 3 potions of magic
 c - 8 potions of brilliance
 f - 2 potions of haste {@q3}
 h - 3 potions of cancellation
 j - 9 potions of invisibility
 k - 13 potions of ambrosia
 o - 5 potions of lignification
 u - 8 potions of might
 w - 8 potions of mutation
 z - 4 potions of resistance
 E - a potion of heal wounds {@q2}
 L - 3 potions of attraction
 M - 5 potions of curing {@q1}
 R - 4 potions of berserk rage {!q}
Miscellaneous
 Y - a phantom mirror

Dungeon Overview and Level Annotations

Branches:
Dungeon (15/15)            Temple (1/1) D:4            Lair (5/5) D:8
  Swamp (4/4) Lair:2        Snake (4/4) Lair:2        Slime (0/5) Lair:4
    Orc (2/2) D:11            Elf (3/3) Orc:2        Vaults (4/5) D:14
  Crypt (0/3) Vaults:3     Depths (1/4) D:15          Sewer (visited)
Volcano (visited)         Desolation (visited)

Altars:
Ashenzari
Cheibriados
Dithmenos
Elyvilon
Fedhas
Gozag
Hepliaklqana
Kikubaaqudgha
Makhleb
Nemelex Xobeh
Okawaru
Qazlal
Ru
Sif Muna
Trog
Uskayaw
Vehumet
Wu Jian
Xom
Yredelemnul
Zin
The Shining One
Beogh
Jiyva

Shops:
D:6 *==   D:11 *   Orc:2 ([*=   Elf:1 [   Elf:2 [[=(   Elf:3 =[:   Vaults:2 (*
Vaults:4 !

Portals:
Trove: Vaults:3 (give 5 scrolls of blinking)

Annotations:
Vaults:2 3 runed translucent doors, Implojin's ghost, adept CoAr

............................P....
.#######.###########...........P.
.# #.# ##.##.#.....ß..ß# (#
#.########......T.#..##### .#
#..............T."..## ##
########.#####G###### #.# #.#
###.#####T# #...@i.G..# #######
#.#.####### ......# ####.#.#
#####.####......#
..............### ###############


You could see an iron troll (clutched), a spriggan defender (clutched) and a
glass eye (clutched).


Message History

The spriggan defender escapes!
The glass eye gazes at you.
Your body becomes as fragile as glass!
The glass eye struggles to escape constriction.
Unknown command.
You feel yourself speed up.
The zombie hands constrict the glass eye!
The spriggan defender hits you with a +5 short sword of speed!
* * * LOW HITPOINT WARNING * * *
The glass eye gazes at you.
You feel your fragility will last longer.
The glass eye escapes!
You block the spriggan defender's attack.
Casting: Borgnjor's Vile Clutch (mildly dangerous; 1% risk of failure)
Confirm with . or Enter, or press ? or * to list all spells.
Aiming: Borgnjor's Vile Clutch (mildly dangerous; 1% risk of failure)
Press: ? - help, Shift-Dir - straight line, f - iron troll, p - glass eye
Aim: an iron troll (100% to hit)
Zombie hands grab the spriggan defender.
Zombie hands grab the glass eye.
Zombie hands grab the iron troll.
The zombie hands constrict the spriggan defender.
The zombie hands constrict the glass eye.
The zombie hands constrict the iron troll, but do no damage.
The spriggan defender hits you with a +5 short sword of speed!
* * * LOW HITPOINT WARNING * * *
The iron troll struggles to escape constriction.
The glass eye struggles to escape constriction.
The spriggan defender hits you with a +5 short sword of speed!
You die...
Kikubaaqudgha rasps: You have failed me!
Welcome... death!

Skill      XL: |  1  2  3  4  5  6  7  8  9 10 11 12 13 14 15 16 17 18 19 20 21 22 |
---------------+-------------------------------------------------------------------+-----
Fighting       | 1 2 3 4 5 6 8 9 10 11 12 13 14 15 16 | 16.1
Necromancy     | 5 6 7 9 10 11 12 13 14 15 16 17 18 | 18.6
Armour         | 2 3 6 7 9 10 11 12 13 15 16 | 16.9
Earth Magic    | 2 5 7 8 |  8.7
Axes           | 4 6 9 10 12 13 16 17 19 21 23 24 | 24.5
Spellcasting   | 2 4 6 7 8 |  8.9
Dodging        | 2 3 4 5 |  5.0
Shields        | 2 7 11 12 | 12.0
Summonings     | 6 9 12 15 16 | 16.1
Stealth        | |  1.4

Action                     |  1- 3 |  4- 6 |  7- 9 | 10-12 | 13-15 | 16-18 | 19-21 | 22-24 || total
---------------------------+-------+-------+-------+-------+-------+-------+-------+-------++-------
  Melee: Unarmed           |    13 |       |       |       |       |       |       |       ||    13
         Dagger            |     5 |    81 |   181 |     3 |       |       |       |       ||   270
         Broad axe         |       |       |       |   491 |  1116 |   821 |  1361 |    43 ||  3832
         War axe           |       |       |       |    22 |       |       |       |       ||    22
   Cast: Necrotise         |    77 |   104 |   349 |   201 |    24 |     7 |     3 |       ||   765
         Animate Dead      |       |       |     3 |    10 |    25 |    20 |     4 |       ||    62
         Borgnjor's Vile C |       |       |       |    14 |   135 |   390 |   259 |    13 ||   811
         Death Channel     |       |       |       |       |     7 |    17 |    30 |     1 ||    55
         Stone Arrow       |       |       |       |       |     3 |   132 |    12 |       ||   147
         Anguish           |       |       |       |       |       |     1 |    25 |     2 ||    28
         Haunt             |       |       |       |       |       |       |     8 |       ||     8
         Dispel Undead     |       |       |       |       |       |       |    10 |       ||    10
 Invoke: Receive Forbidden |       |       |       |       |       |     1 |       |       ||     1
  Evoke: Wand              |       |       |     2 |    14 |     3 |     7 |     3 |       ||    29
    Use: Scroll            |       |       |     3 |    29 |    10 |     6 |     8 |     1 ||    57
         Potion            |       |       |       |     5 |     2 |     6 |    11 |     1 ||    25
   Stab: Distracted        |       |       |       |    10 |    13 |     4 |     5 |       ||    32
         Sleeping          |       |       |       |     6 |     6 |     1 |     5 |       ||    18
         Petrified         |       |       |       |       |    10 |       |       |       ||    10
         Petrifying        |       |       |       |       |     2 |       |       |       ||     2
         Invisible         |       |       |       |       |       |       |     3 |       ||     3
 Armour: Robe              |    17 |       |       |       |       |       |       |       ||    17
         Ring mail         |     9 |     7 |       |       |       |       |       |       ||    16
         Shadow dragon sca |       |   210 |   291 |   959 |  1587 |  1648 |  1018 |   156 ||  5869
         Storm dragon scal |       |       |       |       |       |       |  1211 |       ||  1211
  Dodge: Dodged            |    29 |    65 |   213 |   576 |   911 |   313 |   667 |    38 ||  2812
  Block: Kite shield       |       |       |       |       |       |    81 |       |       ||    81
         Buckler           |       |       |       |       |       |    29 |   730 |    54 ||   813
         Reflection        |       |       |       |       |       |     5 |    27 |     1 ||    33

Levels and vault maps discovered:
D:1:      scummos_arrival_forest, layout_basic,
          hellmonk_ecumenical_altar_prayer_group, minmay_lizard_pond
D:2:      layout_loops_ring, hangedman_decor_opposing
D:3:      layout_loops_ring, gammafunk_ghost_nasty_kobolds,
          minmay_fractal_squares_diagonal_5
D:4:      layout_rooms, minmay_temple_entry_poolview,
          chequers_serial_rivers_room_a
D:5:      layout_cave_pools, mainiacjoe_overflow_swirl, grunt_ministairs_2,
          chequers_serial_rivers_large_a, minmay_increasing_density,
          uniq_sigmund, uniq_blork_the_orc
D:6:      gammafunk_cloud_chamber, layout_rooms, gup_sewer_entry_spiral,
          serial_shops, nicolae_inconvenience_store, shop, guppyfry_shop_venom
D:7:      layout_loops_ring, uniq_prince_ribbit1
D:8:      layout_rooms, due_lair_maze_entry_diamond
D:9:      layout_basic, uniq_harold
D:10:     layout_cave_pods, chequers_temple_overflow_minitemple,
          hangedman_decor_growths
D:11:     layout_basic, orc_0_dummy, nicolae_elemental_shop
D:12:     layout_gridville, uniq_nergalle
D:13:     layout_basic, serial_corexii_hall, chequers_hall_statues_y,
          chequers_hall_statues_corner_a, chequers_hall_statues_wall_a,
          uniq_nessos
D:14:     layout_irregular_city, hellmonk_vaults_attempted_burglary,
          minivault_25, kennysheep_cross_room
D:15:     gammafunk_depths_entry_grave, layout_loops_ring
Temple:   nicolae_temple_bog_church
Lair:1:   layout_cave_shapes, special_room [special_room_bee], worms_lemuel,
          uniq_maggie
Lair:2:   layout_regular_city, palyth_hydra_swamp_entry,
          minmay_snake_entry_six_corridors, beast_lair_carwin_10,
          serial_bayou_shore_b, infiniplex_staircase_pool
Lair:3:   layout_cave_pods, uniq_amaemon, uniq_snorg
Lair:4:   hangedman_what_comes_after_a, layout_cave_shapes, slime_entry_2,
          special_room [special_room_mythical_zoo]
Lair:5:   evilmike_catoblepas_cave, layout_regular_city, grunt_megastairs_3,
          serial_bayou_shore_b
Swamp:1:  layout_falls_marsh, hangedman_swamp_cone, swamp_pool_1_2
Swamp:2:  layout_falls_marsh, nicolae_swamp_ascending_descending
Swamp:3:  layout_falls_marsh, serial_swamp_ruin, evilmike_swamp_ruin_house_3,
          evilmike_swamp_ruin_rubble_2, nicolae_swamp_decorative_isthmus,
          infiniplex_staircase_pool_2, uniq_bai_suzhen
Swamp:4:  swamp_old_school, layout_basic_swamp
Snake:1:  layout_grid_shapes
Snake:2:  layout_misc_corridors
Snake:3:  layout_misc_corridors, uniq_aizul, uniq_mara, uniq_vashnia
Snake:4:  hellmonk_snake_rune_quicksilver_temple, layout_cave_town,
          corexii_hall_statues_i, serial_bayou_shore_b
Orc:1:    layout_diamond_mine
Orc:2:    grunt_orc_cross, layout_caves, enter_volcano_3, uniq_urug
Elf:1:    nicolae_elf_arrival_no_cutting_in_line, layout_geoelf_grid,
          basic_altar, serial_shops, shop, guppyfry_library_mini, uniq_jorgrun
Elf:2:    nicolae_elf_blades_crystal_corner, layout_geoelf_grid,
          minmay_shoptagon
Elf:3:    minmay_elf_hall, layout_geoelf_castle, serial_shops, shop,
          nicolae_shop_stone, shop
Vaults:1: nicolae_vaults_network_square, nicolae_vaults_cochlea, v_misc_29,
          vaults_mumra_chevron_long, vaults_room_ringed_pool, v_pattern_1,
          nicolae_vaults_little_squares_2, v_misc_9,
          nicolae_vaults_ninety_degrees, nicolae_vaults_diagonal_hallway_7,
          ontoclasm_vaults_loading_screen, layout_vaults_big_cross,
          uniq_asterion, uniq_boris
Vaults:2: ebering_ghost_rock_garden, v_misc_23, vaults_room_door_ring,
          v_misc_23, nicolae_vaults_shipping_containers_7,
          nicolae_vaults_taking_the_gang_shopping,
          nicolae_vaults_layer_cake_slice, layout_vaults_quadrants,
          serial_shops, nicolae_shop_just_a_little_nook
Vaults:3: portal_desolation_entry_nicolae_slug, vaults_room_fours, v_misc_19,
          nicolae_vaults_security_offices_2, nicolae_vaults_puzzle_piece,
          vaults_room_pools, v_rooms_6, nicolae_vaults_little_squares_5,
          dpeg_vaults_monster_box, vaults_room_pools, nicolae_vaults_house_2,
          v_pattern_5, nicolae_vaults_double_plus_3,
          minmay_crypt_entry_necro_gods, nicolae_vaults_tetromino_Z_2,
          layout_vaults_omnibox, nicolae_trove_entry_crystal
Vaults:4: grunt_vaults_funnel, nicolae_vaults_rhombus_5,
          ontoclasm_vaults_claustrophobia, nicolae_vaults_diamond_1,
          vaults_room_stairs_pillars, v_misc_3, vaults_room_pools, v_misc_5,
          nicolae_vaults_security_offices_1, v_misc_27, layout_vaults_maze,
          serial_shops, nicolae_shop_real_fake_doors
Depths:1: grunt_crosshair, layout_cross, lightli_too_deep, nrook_uturn,
          pan_entry, kennysheep_generic_room_9

Notes
Turn   | Place    | Note
-------+----------+-------------------------------------------
     0 | D:1      | cforsyth the Mountain Dwarf Necromancer began the quest for
                  | the Orb.
     0 | D:1      | Reached XP level 1. HP: 14/14 MP: 3/3
   124 | D:1      | Reached skill level 1 in Fighting
   182 | D:1      | Reached XP level 2. HP: 23/23 MP: 1/4
   563 | D:1      | Reached skill level 2 in Fighting
   613 | D:1      | Reached XP level 3. HP: 29/29 MP: 2/5
   646 | D:1      | Found a faded altar of an unknown god.
   688 | D:1      | Reached skill level 5 in Necromancy
  1859 | D:2      | Reached XP level 4. HP: 37/37 MP: 0/6
  2210 | D:3      | Found a runed translucent gate.
  2210 | D:3      | Found a runed translucent gate.
  2210 | D:3      | Found a runed translucent gate.
  2212 | D:3      | Noticed a kobold brigand
  2213 | D:3      | Noticed glumbocoin's ghost (weakling SpBr)
  2511 | D:3      | Noticed a scorpion
  2526 | D:3      | Killed a scorpion
  2527 | D:3      | Reached skill level 3 in Fighting
  2528 | D:3      | Reached XP level 5. HP: 30/45 MP: 0/7
  3187 | D:4      | Reached skill level 4 in Fighting
  3187 | D:4      | Reached skill level 6 in Necromancy
  3326 | D:3      | Reached XP level 6. HP: 43/53 MP: 1/8
  3646 | D:4      | Found a staircase to the Ecumenical Temple.
  3981 | D:5      | Entered Level 5 of the Dungeon
  4117 | D:5      | Reached skill level 5 in Fighting
  4117 | D:5      | Reached skill level 1 in Armour
  4216 | D:5      | Noticed Blork the orc
  4372 | D:5      | Killed Blork the orc
  4373 | D:5      | Reached skill level 7 in Necromancy
  4431 | D:5      | Noticed Sigmund
  4535 | D:5      | Killed Sigmund
  4536 | D:5      | Reached skill level 2 in Armour
  4536 | D:5      | Reached XP level 7. HP: 61/61 MP: 6/9
  4581 | D:5      | Reached skill level 6 in Fighting
  4581 | D:5      | Reached skill level 3 in Armour
  5282 | D:5      | Found a stormy altar of Qazlal.
  5291 | D:5      | Found a shimmering altar of Xom.
  5475 | D:6      | Reached XP level 8. HP: 71/71 MP: 6/10
  5570 | D:6      | Reached skill level 4 in Armour
  5583 | D:6      | Found a glowing drain.
  5602 | Sewer    | Entered a sewer
  5696 | Sewer    | Reached skill level 8 in Necromancy
  6526 | Sewer    | Reached skill level 7 in Fighting
  6838 | D:6      | Reached skill level 5 in Armour
  6877 | D:6      | Found Kaohagakism's Jewellery Shop.
  6929 | D:6      | Found a transporter.
  7066 | D:6      | Found Oqimuxt's Jewellery Emporium.
  7380 | D:6      | Reached skill level 9 in Necromancy
  7438 | D:6      | Found a transporter.
  7514 | D:6      | Found Suagug's Serpentskin Sales.
  7672 | Temple   | Entered the Ecumenical Temple
  7682 | Temple   | Became a worshipper of Kikubaaqudgha
  7797 | D:6      | Reached skill level 8 in Fighting
  7797 | D:6      | Reached skill level 6 in Armour
  7797 | D:6      | Reached XP level 9. HP: 81/81 MP: 4/11
  7863 | D:6      | Learned a level 4 spell: Animate Dead
  8429 | D:7      | Noticed Prince Ribbit
  8473 | D:7      | Killed Prince Ribbit
  8474 | D:7      | Reached skill level 7 in Armour
  9237 | D:8      | Reached skill level 9 in Fighting
  9237 | D:8      | Reached skill level 10 in Necromancy
  9433 | D:8      | Found a staircase to the Lair.
  9497 | D:8      | Reached skill level 1 in Earth Magic
  9671 | D:8      | Reached skill level 2 in Earth Magic
 10073 | D:8      | Reached XP level 10. HP: 91/91 MP: 3/12
 10075 | D:8      | Reached * piety under Kikubaaqudgha
 10075 | D:8      | Received a gift from Kikubaaqudgha
 10218 | D:8      | Reached skill level 3 in Earth Magic
 10631 | D:9      | Reached skill level 8 in Armour
 11072 | D:9      | Paralysed by a hornet for 2 turns
 11121 | D:9      | Reached skill level 1 in Axes
 11607 | D:9      | Identified a scroll of acquirement
 11607 | D:9      | Acquired a +0 heavy broad axe
 12014 | D:9      | Noticed Harold
 12255 | D:9      | Reached skill level 4 in Earth Magic
 12332 | D:9      | Identified the +7 quarterstaff "Bazal" {venom, rN+ Str+3}
 12374 | D:9      | Reached skill level 2 in Axes
 12499 | D:9      | Killed Harold
 12500 | D:9      | Reached skill level 10 in Fighting
 12500 | D:9      | Reached skill level 3 in Axes
 12500 | D:9      | Reached skill level 11 in Necromancy
 12591 | D:10     | Entered Level 10 of the Dungeon
 12728 | D:10     | Reached skill level 5 in Earth Magic
 12729 | D:10     | Reached skill level 9 in Armour
 12870 | D:10     | Reached skill level 4 in Axes
 13033 | D:10     | Noticed a sun demon
 13042 | D:10     | Reached XP level 11. HP: 46/101 MP: 13/13
 13139 | D:10     | Reached ** piety under Kikubaaqudgha
 13284 | D:10     | Found an ornate altar of the Wu Jian Council.
 13284 | D:10     | Found a burning altar of Makhleb.
 13292 | D:10     | Found a sparkling altar of Nemelex Xobeh.
 13294 | D:10     | Found a blossoming altar of Fedhas.
 13296 | D:10     | Found an iron altar of Okawaru.
 13394 | D:10     | Identified the +4 dagger "Ohyak" {holy, rF+ rN+ rCorr
                  | Int-5}
 13708 | D:11     | Found Vowerch's Elemental Accessories.
 13736 | D:11     | Found a staircase to the Orcish Mines.
 13864 | D:11     | Noticed a skeletal warrior
 13864 | D:11     | Noticed a skeletal warrior
 13864 | D:11     | Noticed a skeletal warrior
 14452 | D:12     | Noticed Nergalle
 14472 | D:12     | Killed Nergalle
 14688 | D:11     | Noticed a centaur warrior
 14701 | D:11     | Killed a centaur warrior
 14783 | Lair:1   | Entered Level 1 of the Lair of Beasts
 14789 | D:8      | Reached skill level 5 in Axes
 15102 | D:3      | Killed glumbocoin's ghost
 15107 | D:3      | Reached skill level 6 in Earth Magic
 15317 | D:6      | Learned a level 5 spell: Borgnjor's Vile Clutch
 15410 | Lair:1   | Noticed Maggie
 15425 | Lair:1   | Killed Maggie
 15437 | Lair:1   | Reached skill level 11 in Fighting
 15674 | Lair:1   | Reached skill level 6 in Axes
 15698 | Lair:1   | Reached skill level 10 in Armour
 15705 | Lair:1   | Reached skill level 12 in Necromancy
 15781 | Lair:1   | Reached skill level 7 in Earth Magic
 15832 | Lair:1   | Reached *** piety under Kikubaaqudgha
 15832 | Lair:1   | Received a gift from Kikubaaqudgha
 15888 | Lair:1   | Reached XP level 12. HP: 104/110 MP: 14/14
 16033 | Lair:1   | Reached skill level 7 in Axes
 16367 | Lair:1   | HP: 2/111 [yak (12)]
 16704 | Lair:2   | Noticed a six-headed hydra
 16723 | Lair:2   | Killed a six-headed hydra
 16999 | Lair:2   | Reached skill level 8 in Earth Magic
 17385 | Lair:2   | Found a staircase to the Snake Pit.
 17604 | Lair:2   | Reached skill level 12 in Fighting
 17622 | Lair:2   | Reached **** piety under Kikubaaqudgha
 17624 | Lair:2   | Reached skill level 8 in Axes
 17624 | Lair:2   | Reached skill level 11 in Armour
 17874 | Lair:2   | Reached skill level 13 in Necromancy
 18288 | Lair:2   | Reached skill level 2 in Spellcasting
 18671 | Lair:2   | Noticed a six-headed hydra
 18823 | Lair:2   | Learned a level 4 spell: Dispel Undead
 18854 | Lair:2   | Found a staircase to the Swamp.
 18873 | Lair:2   | Killed a six-headed hydra
 19020 | Lair:2   | Reached skill level 9 in Axes
 19020 | Lair:2   | Reached XP level 13. HP: 119/119 MP: 1/16
 19428 | Lair:3   | Identified the +4 mace "Foriel" {venom, Will+ Int+3}
 19500 | Lair:3   | Noticed Amaemon
 20068 | Lair:2   | Killed Amaemon
 20394 | Lair:3   | Noticed Snorg
 20515 | Lair:3   | Killed Snorg
 20516 | Lair:3   | Reached skill level 3 in Spellcasting
 21322 | Lair:4   | Reached skill level 12 in Armour
 21342 | Lair:4   | Reached skill level 13 in Fighting
 21515 | Lair:4   | Reached skill level 10 in Axes
 21590 | Lair:4   | Reached ***** piety under Kikubaaqudgha
 21734 | Lair:4   | Reached skill level 4 in Spellcasting
 22286 | Lair:4   | Learned a level 6 spell: Death Channel
 22346 | Lair:4   | Reached skill level 14 in Necromancy
 22499 | Lair:4   | Reached XP level 14. HP: 98/129 MP: 10/21
 22715 | Lair:4   | Reached skill level 11 in Axes
 22715 | Lair:4   | Reached skill level 5 in Spellcasting
 23019 | Lair:4   | Found a runed translucent door.
 23019 | Lair:4   | Found a viscous altar of Jiyva.
 23019 | Lair:4   | Noticed an acid blob
 23020 | Lair:4   | Found a staircase to the Slime Pits.
 23065 | Lair:5   | Entered Level 5 of the Lair of Beasts
 23179 | Lair:5   | Reached skill level 13 in Armour
 23290 | Lair:5   | Reached ****** piety under Kikubaaqudgha
 23564 | Lair:5   | Reached skill level 14 in Fighting
 23976 | Lair:5   | Reached skill level 6 in Spellcasting
 24213 | Lair:5   | Reached skill level 12 in Axes
 25146 | D:11     | Learned a level 3 spell: Stone Arrow
 25178 | D:11     | Reached skill level 15 in Necromancy
 26320 | D:12     | Reached XP level 15. HP: 125/139 MP: 24/24
 26470 | D:13     | Noticed Nessos
 27966 | D:13     | Reached skill level 14 in Armour
 28532 | D:13     | Killed Nessos
 28848 | Orc:1    | Entered Level 1 of the Orcish Mines
 29301 | Orc:2    | Entered Level 2 of the Orcish Mines
 29302 | Orc:2    | Noticed Erolcha
 29314 | Orc:2    | Found Waazuheti's Antique Weapon Shoppe.
 29360 | Orc:2    | Noticed Urug
 29370 | Orc:2    | Killed Urug
 29494 | Orc:2    | Found a dark tunnel.
 29502 | Volcano  | Entered a volcano
 29535 | Volcano  | Reached skill level 7 in Spellcasting
 29580 | Volcano  | Reached skill level 15 in Fighting
 29769 | Volcano  | Reached skill level 13 in Axes
 30642 | Orc:2    | Killed Erolcha
 31303 | Orc:2    | Found a roughly hewn altar of Beogh.
 31485 | Orc:2    | Found Qawkim's Jewellery Shoppe.
 31500 | Orc:2    | Found Monkaut's Antique Armour Shoppe.
 31515 | Orc:2    | Found Juaddod's General Store.
 31523 | Orc:2    | Bought a scroll of teleportation for 33 gold pieces
 31523 | Orc:2    | Bought a potion of haste for 110 gold pieces
 31599 | Orc:2    | Found a staircase to the Elven Halls.
 32954 | D:14     | Reached skill level 16 in Necromancy
 33089 | D:14     | Found a gate to the Vaults.
 33199 | D:15     | Entered Level 15 of the Dungeon
 33562 | D:15     | Reached skill level 15 in Armour
 33562 | D:15     | Reached XP level 16. HP: 114/149 MP: 17/27
 33563 | D:15     | Reached skill level 14 in Axes
 33577 | D:15     | Found a staircase to the Depths.
 34313 | Snake:1  | Entered Level 1 of the Snake Pit
 35704 | Snake:2  | Learned a level 4 spell: Anguish
 36179 | Snake:2  | Identified the +0 ring mail of Seir {Dex+3}
 36437 | Snake:2  | Reached skill level 15 in Axes
 36485 | Snake:2  | Reached skill level 17 in Necromancy
 36928 | Snake:3  | Noticed Vashnia
 37260 | Snake:2  | Reached skill level 16 in Armour
 38097 | Snake:2  | HP: 13/149 [naga warrior/+0 heavy trident (26)]
 39371 | Snake:2  | Reached skill level 2 in Dodging
 39866 | Snake:2  | Killed Vashnia
 39867 | Snake:2  | Reached skill level 1 in Shields
 40502 | Snake:3  | Reached skill level 2 in Shields
 40672 | Snake:3  | Noticed Mara
 40879 | Snake:3  | Noticed cforsyth's illusion
 41056 | Snake:3  | Noticed cforsyth's illusion
 41195 | Snake:2  | HP: 9/149 [Mara/+2 demon whip of electrocution (13)]
 41196 | Snake:2  | Killed Mara
 41197 | Snake:2  | Reached skill level 16 in Axes
 41197 | Snake:2  | Reached XP level 17. HP: 10/156 MP: 15/28
 41693 | Snake:3  | Reached skill level 3 in Dodging
 41697 | Snake:3  | Reached skill level 3 in Shields
 41722 | Snake:3  | Identified the serpent talisman of the Miller {Int+3}
 41722 | Snake:3  | Noticed Aizul
 41743 | Snake:3  | Killed Aizul
 42220 | Snake:4  | Entered Level 4 of the Snake Pit
 42258 | Snake:4  | Received a gift from Kikubaaqudgha (forbidden knowledge)
 42510 | Snake:4  | Reached skill level 1 in Summonings
 42666 | Snake:4  | Identified the ring "Osyemaf" {Fire rPois}
 42672 | Snake:4  | Reached skill level 4 in Shields
 42949 | Snake:4  | Reached skill level 2 in Summonings
 43345 | Snake:4  | Reached skill level 18 in Necromancy
 43497 | Snake:4  | Reached skill level 5 in Shields
 43497 | Snake:4  | Reached skill level 3 in Summonings
 44162 | Snake:4  | Noticed a quicksilver dragon
 44894 | Snake:4  | Reached skill level 4 in Summonings
 45203 | Snake:4  | Reached skill level 6 in Shields
 45754 | Snake:4  | Reached skill level 17 in Axes
 45958 | Snake:4  | Got a serpentine rune of Zot
 46694 | Snake:4  | Killed a quicksilver dragon
 47021 | Snake:4  | Reached skill level 5 in Summonings
 47859 | Swamp:1  | Entered Level 1 of the Swamp
 48150 | Elf:1    | Entered Level 1 of the Elven Halls
 48478 | Orc:2    | Reached skill level 7 in Shields
 49383 | Elf:1    | Found an ancient bone altar of Kikubaaqudgha.
 49406 | Elf:1    | Paralysed by an air elemental for 1 turns
 50536 | Elf:1    | Reached skill level 6 in Summonings
 50713 | Elf:1    | Reached XP level 18. HP: 103/162 MP: 3/29
 50889 | Elf:1    | Noticed Jorgrun
 50971 | Elf:1    | Killed Jorgrun
 50980 | Elf:1    | Your ally Jorgrun died
 51125 | Elf:1    | Reached skill level 8 in Shields
 51336 | Elf:1    | Found Hethruth's Armour Emporium.
 51349 | Elf:1    | Bought the +3 pair of mountain boots {steadfast, rC+} for
                  | 469 gold pieces
 51349 | Elf:1    | Found the +3 pair of mountain boots {steadfast, rC+}
 52199 | Elf:2    | Found Gomicry's Armour Boutique.
 52200 | Elf:2    | Found Jyce's Jewellery Shop.
 52200 | Elf:2    | Found Fawnecis's Armour Boutique.
 52206 | Elf:2    | Found Loahakosh's Antique Weapon Shop.
 52263 | Elf:2    | Reached skill level 18 in Axes
 52503 | Elf:2    | Reached skill level 7 in Summonings
 54174 | Elf:2    | Found a runed translucent gate.
 54175 | Elf:2    | Found a runed translucent gate.
 54175 | Elf:2    | Found a runed translucent gate.
 54278 | Elf:2    | Reached skill level 9 in Shields
 54421 | Elf:2    | Identified the +0 chain mail "Bawaw" {rC+ rN+ Slay+3}
 55506 | Elf:2    | Reached skill level 8 in Summonings
 56645 | Elf:3    | Entered Level 3 of the Elven Halls
 56750 | Elf:3    | Found Aclux's Armour Shop.
 57027 | Elf:3    | Found Afuashuhi's Jewellery Shop.
 57087 | Elf:3    | Reached skill level 10 in Shields
 57590 | Elf:3    | Found Iwegoh's Book Shop.
 58674 | Elf:3    | Reached skill level 19 in Axes
 58674 | Elf:3    | Reached skill level 9 in Summonings
 60852 | Elf:3    | Identified the +0 leather armour of Oduxaj {*Corrode rElec
                  | Str+5 Int-3}
 60862 | Elf:3    | Reached skill level 11 in Shields
 60869 | Elf:3    | Identified the amulet of Hahetil {Faith rElec}
 61091 | Elf:3    | Reached XP level 19. HP: 140/170 MP: 24/30
 61884 | Elf:3    | Reached skill level 10 in Summonings
 62139 | Elf:3    | Identified the +0 plate armour of Uninosul {Harm ^Drain
                  | +Blink rC++}
 62374 | Elf:3    | Identified the +6 war axe of Cypiajeb {elec, rN+ Will+
                  | Str-5}
 62374 | Elf:3    | Identified the +3 leather armour "Lerushri" {rF+ Stlth+}
 62468 | Elf:3    | Identified the +6 sling "Offymm" {speed, rN+ Str+4 Int+3}
 62539 | Elf:3    | Identified the staff of Governance {+Blink rN+ MP+9 Stlth+
                  | Necro}
 62548 | Elf:3    | Identified the +4 short sword "Tokolot" {drain, rElec rPois
                  | Will+++ Str-4}
 62800 | Orc:2    | Bought an ichor-stained plate armour for 1064 gold pieces
 62800 | Orc:2    | Identified the +2 plate armour of Acris {Will++} (You
                  | bought it in a shop on level 2 of the Orcish Mines)
 65502 | Swamp:2  | Reached skill level 12 in Shields
 66045 | Swamp:1  | Reached skill level 8 in Spellcasting
 66081 | Swamp:1  | Reached skill level 20 in Axes
 66622 | Swamp:3  | Noticed Bai Suzhen
 66852 | Swamp:2  | Learned a level 7 spell: Haunt
 67024 | Swamp:3  | Killed Bai Suzhen
 67529 | Swamp:3  | Reached skill level 11 in Summonings
 68256 | Swamp:4  | Entered Level 4 of the Swamp
 70402 | Swamp:4  | Noticed the 27-headed Lernaean hydra
 70452 | Swamp:3  | Reached skill level 12 in Summonings
 71105 | Swamp:3  | Reached skill level 21 in Axes
 71621 | Swamp:4  | Killed the 26-headed Lernaean hydra
 72415 | Swamp:4  | Got a decaying rune of Zot
 72836 | Vaults:1 | Entered Level 1 of the Vaults
 72891 | Vaults:1 | Reached XP level 20. HP: 161/178 MP: 32/32
 72917 | Vaults:1 | Identified the +3 robe of Eheori {Int+5}
 72917 | Vaults:1 | Noticed Boris
 72921 | Vaults:1 | Killed Boris
 73129 | Vaults:1 | Reached skill level 13 in Summonings
 73299 | Vaults:1 | Noticed Asterion
 73314 | Vaults:1 | Killed Asterion
 73641 | Vaults:1 | Reached skill level 22 in Axes
 74594 | Vaults:1 | Reached skill level 14 in Summonings
 75699 | Vaults:2 | Found Tuevigen's General Store.
 76370 | Lair:4   | Identified the +0 hat of Leapfrog {rElec Str+4 Dex+2}
 76846 | Vaults:2 | Identified the +1 scale mail of Salvation {rElec Str+2}
 76868 | Vaults:2 | Found a runed translucent gate.
 76868 | Vaults:2 | Found a runed translucent gate.
 76868 | Vaults:2 | Found a runed translucent gate.
 76869 | Vaults:2 | Noticed Implojin's ghost (adept CoAr)
 77323 | Vaults:2 | Found Jeyck's Weapon Shop.
 78496 | Vaults:3 | Reached skill level 23 in Axes
 78508 | Vaults:3 | Found a crumbling gateway.
 78536 | Desolati | Entered the Desolation of Salt
 78619 | Desolati | Reached skill level 15 in Summonings
 78993 | Desolati | HP: 13/175 [crystal guardian (24)]
 79280 | Desolati | Reached XP level 21. HP: 144/184 MP: 33/33
 79790 | Desolati | Identified the +11 mace of Bounekh {flame, Str+6}
 79802 | Desolati | Identified the +8 falchion of Gozag, Freezing {vamp, rElec
                  | Will+ Str+2 Stlth-}
 79805 | Desolati | Identified the +4 broad axe "Qiwal" {flame, rElec rCorr}
 79897 | Desolati | Identified the ring "Esaahuot" {rPois rC+ Will+}
 80061 | Desolati | Got the Lectures on Chemical Arcane Weapons
 80419 | Desolati | Reached skill level 16 in Summonings
 80468 | Desolati | Got the Anthology of Bleak Fate
 80484 | Desolati | Identified the ring of Qoipuo {rF+ rC- rCorr Str+4 Int+4}
 80544 | Desolati | Reached skill level 24 in Axes
 80548 | Desolati | Identified the +5 flail "Jury" {flame, *Rage rCorr Str+7}
 81002 | Vaults:3 | Found a staircase to the Crypt.
 81002 | Vaults:3 | Found a basalt altar of Yredelemnul.
 81002 | Vaults:3 | Found an ancient bone altar of Kikubaaqudgha.
 81106 | Vaults:3 | Found a portal to a secret trove of treasure.
 81664 | Vaults:3 | Reached skill level 4 in Dodging
 82810 | Vaults:4 | Identified the +4 robe "Dossow" {Str+4 Int+5}
 82810 | Vaults:4 | Noticed Boris
 82817 | Vaults:4 | Killed Boris
 83247 | Vaults:4 | Found Qihatog's Distillery.
 83250 | Vaults:4 | Bought 2 potions of might for 152 gold pieces
 83250 | Vaults:4 | Bought a potion of heal wounds for 95 gold pieces
 83578 | Depths:1 | Entered Level 1 of the Depths
 83619 | Depths:1 | Reached skill level 16 in Fighting
 83628 | Depths:1 | Identified the staff "Zusud Uge" {rPois Dex+6 Alchemy}
 83638 | Depths:1 | Reached XP level 22. HP: 101/195 MP: 19/34
 84206 | D:15     | Reached skill level 5 in Dodging
 84272 | D:15     | HP: 9/172 [spriggan defender/+5 short sword of speed (18)]
 84272 | D:15     | Mangled by a spriggan defender

Vanquished Creatures
  Mara (Snake:2)
  Boris (twice) (Vaults:1 Vaults:4)
  Bai Suzhen (Swamp:3)
  the Lernaean hydra (Swamp:4)
  Vashnia (Snake:2)
  Jorgrun (Elf:1)
  2 tentacled monstrosities
  7 deep elf blademasters
  A quicksilver dragon (Snake:4)
  4 deep elf master archers (Elf:3)
  A sphinx (Vaults:4)
  A walking divine tome (D:15)
  2 thorn hunters
  Aizul (Snake:3)
  3 nagarajas (Snake:4)
  4 vault wardens
  3 imperial myrmidons (Desolation)
  7 deep elf sorcerers
  8 deep elf elementalists
  3 orc warlords
  A spriggan defender (D:15)
  6 ironbound preservers
  4 ghouls (Swamp:3)
  3 stone giants
  2 ironbound thunderhulks
  Nessos (D:13)
  A formless jellyfish (Vaults:2)
  2 very ugly things (Depths:1)
  7 deep elf death magi
  4 deep elf annihilators (Elf:3)
  6 eleionomae
  8 dire elephants
  6 bunyips
  2 entropy weavers (Vaults:3)
  Snorg (Lair:3)
  2 ettins
  6 yaktaur captains
  2 great orbs of eyes
  2 crystal guardians
  A shambling mangrove (Swamp:4)
  2 deep elf high priests (Elf:3)
  8 servants of whispers (Desolation)
  5 ragged hierophants (Desolation)
  An ice dragon (Depths:1)
  Harold (D:9)
  Erolcha (Orc:2)
  20 hydras
  13 peacekeepers
  A vault guard (Vaults:2)
  9 centaur warriors
  4 salamander tyrants (Snake:4)
  An ogre mage (D:15)
  5 ironbound frosthearts
  11 alligators
  3 catoblepae
  23 dancing weapons
  3 boulder beetles
  10 anacondas
  10 two-headed ogres
  9 death yaks
  2 shock serpents
  6 naga warriors
  Urug (Orc:2)
  3 orc high priests
  20 deep elf knights
  2 occultists (Volcano)
  2 iron trolls (D:15)
  15 naga sharpshooters
  Nergalle (D:12)
  9 skeletal warriors
  2 goliath frogs
  Amaemon (Lair:2)
  5 salamander mystics
  3 spriggan druids
  14 deep trolls
  4 arcanists
  12 mana vipers
  5 bog bodies
  6 naga ritualists
  11 swamp dragons
  16 ironbound convokers
  7 orc knights
  6 thermic dynamos (Elf:1)
  11 deep elf archers
  8 harpies
  25 deep elf pyromancers
  3 lindwurms (Vaults:1)
  5 orc sorcerers
  25 deep elf zephyrmancers
  2 will-o-the-wisps
  4 manticores
  2 cyclopes
  19 salamanders
  4 oklob plants (Lair:4)
  22 ugly things
  A nameless horror (Lair:4)
  9 elephants
  32 black mambas
  2 kobold blastminers (Orc:1)
  5 toenail golems (Volcano)
  2 meliai (Lair:4)
  8 guardian serpents
  A molten gargoyle (Desolation)
  4 cane toads
  8 vault sentinels
  15 naga magi
  An eye of devastation (shapeshifter) (Vaults:4)
  Maggie (Lair:1)
  7 rime drakes
  An orange demon (Lair:3)
  2 kobold demonologists (D:10)
  22 yaktaurs
  11 komodo dragons
  An efreet (D:14)
  A queen bee (Lair:1)
  2 bloated husks
  A polar bear (shapeshifter) (Elf:1)
  4 hornets
  A polar bear (Lair:3)
  Prince Ribbit (D:7)
  5 trolls
  7 tyrant leeches
  A wolf spider simulacrum (D:15)
  14 blink frogs
  68 saltlings (Desolation)
  5 dream sheep (Lair:2)
  25 slime creatures
  An air elemental (Elf:1)
  Sigmund (D:5)
  4 spriggans
  43 yaks
  2 wraiths
  8 wyverns
  A water elemental (Elf:2)
  5 humans (Volcano)
  5 basilisks
  A yak (shapeshifter) (Elf:2)
  A redback (Vaults:3)
  4 wargs
  2 steam dragons
  15 swamp worms
  32 nagas
  3 acid dragons
  A hell hound (Orc:2)
  26 water moccasins
  3 sky beasts (D:7)
  3 ice beasts (D:6)
  9 swamp drakes
  14 orc warriors
  3 black bears
  6 ogres
  14 wolves
  9 centaurs
  3 boggarts (Vaults:3)
  A phantom (D:5)
  6 kobold brigands
  Blork the orc (D:5)
  A brain worm (Sewer)
  2 earth elementals (Elf:3)
  11 bullfrogs
  A gnoll sergeant (D:8)
  5 scorpions
  5 wights (D:9)
  43 killer bees
  5 howler monkeys
  3 electric eels (Elf:3)
  The ghost of glumbocoin the Sneak, a weakling SpBr (D:3)
  A bombardier beetle (D:6)
  6 hounds
  2 jellies
  15 orc priests
  A sleepcap (D:6)
  3 iguanas (D:5)
  13 orc wizards
  7 hell rats (Lair:4)
  3 gnolls (D:5)
  3 river rats (Sewer)
  16 adders
  A shadow imp (D:6)
  2 white imps
  4 ufetubi
  3 dart slugs
  7 ribbon worms (Sewer)
  35 orcs
  7 ball pythons
  6 bats
  8 endoplasms
  2 giant cockroaches
  12 hobgoblins
  2 jackals (D:2)
  5 quokkas
  6 frilled lizards
  7 goblins
  20 kobolds
  11 rats
  A spectral weapon (Elf:3)
1325 creatures vanquished.

Vanquished Creatures (collateral kills)
  Asterion (Vaults:1)
  An acid blob (Lair:4)
  A sphinx (Depths:1)
  A fire giant (Depths:1)
  An iron dragon (Depths:1)
  3 vault wardens
  A stone giant (Depths:1)
  4 ironbound preservers
  3 ironbound thunderhulks
  A deep elf death mage (Elf:1)
  2 dire elephants
  A crystal guardian (Vaults:1)
  An ironbound frostheart (Vaults:1)
  A rakshasa (Depths:1)
  A vault guard (Vaults:2)
  A peacekeeper (Vaults:1)
  2 servants of whispers (Desolation)
  A spriggan air mage (Depths:1)
  3 hydras (Lair:5)
  3 anacondas
  A catoblepas (Lair:5)
  5 death yaks
  A deep troll shaman (Depths:1)
  2 naga warriors (Snake:1)
  A vampire mage (Depths:1)
  A naga sharpshooter (Snake:4)
  A shock serpent (Snake:4)
  2 skeletal warriors
  A storm dragon skeleton (D:15)
  A skyshark (Lair:5)
  3 mana vipers
  12 deep trolls
  A flayed ghost (D:15)
  4 ironbound convokers
  An arcanist (Vaults:3)
  An orc knight (Vaults:3)
  A necromancer (D:15)
  2 lindwurms
  4 harpies (Vaults:1)
  8 ugly things (D:14)
  A meliai (Lair:4)
  5 elephants
  5 black mambas
  A torpor snail (Lair:4)
  2 vault sentinels
  A mana viper zombie (Snake:2)
  2 cane toads
  3 naga magi
  2 komodo dragons
  2 rime drakes (Lair:4)
  8 yaktaurs
  A queen bee (Lair:4)
  4 saltlings (Desolation)
  4 blink frogs
  2 spriggan zombies (D:15)
  A dream sheep (Lair:2)
  5 slime creatures
  22 yaks
  5 wyverns (Lair:4)
  2 basilisks
  A warg (shapeshifter) (D:14)
  7 nagas
  A swamp worm (Lair:1)
  6 water moccasins
  An acid dragon (D:10)
  A hell hound (Orc:2)
  3 orc warriors
  3 ogres
  6 wolves (Lair:1)
  6 bullfrogs
  26 killer bees
  3 howler monkeys
  A jelly (D:5)
  2 orc wizards
  A hell rat (Lair:4)
  4 gnolls (D:8)
  7 orcs
  A giant cockroach (D:3)
  A goblin (D:1)
  4 frilled lizards (D:1)
249 creatures vanquished.

Vanquished Creatures (others)
  A sphinx (Vaults:4)
  A frost giant (Depths:1)
  2 vault wardens
  An ironbound preserver (Vaults:2)
  2 stone giants (Depths:1)
  A war gargoyle (Vaults:1)
  2 peacekeepers (Desolation)
  An alligator (Swamp:2)
  An ironbound frostheart (Vaults:3)
  A centaur warrior (Vaults:1)
  A deep troll shaman (Depths:1)
  2 deep troll earth magi
  A naga sharpshooter (Snake:4)
  2 deep trolls
  3 ugly thing zombies (D:14)
  A lindwurm (Vaults:1)
  An orc knight (Vaults:2)
  3 ugly things
  A dwarf zombie (Elf:1)
  A shock serpent zombie (Snake:4)
  A vault sentinel (Vaults:1)
  4 yaktaurs
  A death yak zombie (Lair:5)
  A bloated husk (Swamp:3)
  A hydra zombie (Lair:5)
  A meliai zombie (Lair:4)
  2 guardian serpent zombies (Snake:4)
  A wyvern (Lair:4)
  8 black mamba zombies
  A basilisk (Lair:4)
  5 slime creature zombies (Vaults:1)
  A naga (Snake:2)
  A two-headed ogre zombie (D:11)
  A skyshark zombie (Lair:5)
  3 cane toad zombies
  4 elephant zombies
  8 elf zombies
  2 lindwurm zombies (Vaults:1)
  4 rime drake zombies (Lair:4)
  8 yaktaur zombies (Vaults:1)
  7 salamander zombies
  2 wyvern zombies (Lair:4)
  2 komodo dragon zombies (Lair:5)
  4 water moccasin zombies
  A troll zombie (D:12)
  22 yak zombies
  2 wolf zombies (Lair:1)
  6 bullfrog zombies
  3 basilisk zombies
  4 human zombies
  A scorpion zombie (D:8)
  9 killer bee zombies (Lair:4)
  2 acid dragon zombies
  12 naga zombies
  3 hell rat zombies (Lair:4)
  A gnoll zombie (D:8)
  2 kobold zombies (D:9)
  11 orc zombies
  10 foxfires
  9 spectral weapons
200 creatures vanquished.

Grand Total: 1774 creatures vanquished

Table legend: (Time is in decaauts)
 A = Elapsed time spent in this place.
 B = Non-inter-level travel time spent in this place.
 C = Inter-level travel time spent in this place.
 D = Time resting spent in this place.
 E = Time spent auto-exploring this place.
 F = Levels seen in this place.
 G = Mean time per level.
                   A        B        C        D        E       F      G
               +--------+--------+--------+--------+--------+-----+--------+
         Total |  84769 |  79468 |   5301 |  28002 |  32686 |  42 | 2018.3 |
       Dungeon |  22568 |  20397 |   2171 |   4849 |  10708 |  15 | 1504.5 |
        Temple |     18 |     10 |      8 |      0 |      0 |   1 |   18.0 |
          Lair |  11082 |  10064 |   1018 |   2624 |   4554 |   5 | 2216.4 |
         Swamp |  10066 |   9677 |    389 |   4691 |   3358 |   4 | 2516.5 |
     Snake Pit |  13303 |  12998 |    305 |   6613 |   3570 |   4 | 3325.8 |
  Orcish Mines |   3907 |   3635 |    272 |   2176 |    796 |   2 | 1953.5 |
   Elven Halls |  13114 |  12794 |    320 |   5469 |   4293 |   3 | 4371.3 |
        Vaults |   6922 |   6108 |    814 |    887 |   3698 |   4 | 1730.5 |
        Depths |     73 |     73 |      0 |      0 |      0 |   1 |   73.0 |
         Sewer |   1312 |   1312 |      0 |      4 |   1053 |   1 | 1312.0 |
       Volcano |    392 |    392 |      0 |     56 |     97 |   1 |  392.0 |
    Desolation |   2006 |   2006 |      0 |    632 |    556 |   1 | 2006.0 |
               +--------+--------+--------+--------+--------+-----+--------+

Top non-repeatable levels by time:
   Elf:3: 5914 daAuts
 Snake:2: 4997 daAuts
 Snake:4: 4144 daAuts
   Elf:2: 4031 daAuts
  Lair:2: 3273 daAuts
 Swamp:4: 3177 daAuts
   Elf:1: 3168 daAuts
Vaults:1: 2663 daAuts
 Snake:3: 2654 daAuts
    D:13: 2628 daAuts
 Swamp:3: 2525 daAuts
  Lair:4: 2328 daAuts
 Swamp:1: 2224 daAuts
     D:9: 2193 daAuts
 Swamp:2: 2138 daAuts

Table legend:
 A = Non-vault XP
 B = Vault XP
 C = Vault XP percentage of total XP
 D = Non-vault monster count
 E = Vault monster count
 F = Vault count percentage of total count
                 A         B        C        D         E       F
            +---------+---------+-------+---------+---------+-------
      Total |  391240 |  328373 |  45.6 |     957 |     647 |  40.3
            +---------+---------+-------+---------+---------+-------
        D:1 |      48 |       7 |  12.7 |      29 |       6 |  17.1
        D:2 |      43 |       0 |   0.0 |      12 |       0 |   0.0
        D:3 |     215 |     160 |  42.7 |      16 |      12 |  42.9
        D:4 |     162 |       0 |   0.0 |      20 |       0 |   0.0
        D:5 |     338 |     601 |  64.0 |       9 |      11 |  55.0
        D:6 |     939 |     420 |  30.9 |      21 |       8 |  27.6
        D:7 |    1006 |     291 |  22.4 |      21 |       1 |   4.5
        D:8 |     950 |    1180 |  55.4 |      18 |       8 |  30.8
        D:9 |    2164 |     871 |  28.7 |      25 |       1 |   3.8
       D:10 |    3246 |       0 |   0.0 |      14 |       0 |   0.0
       D:11 |    7217 |       0 |   0.0 |      24 |       0 |   0.0
       D:12 |    3825 |     763 |  16.6 |      13 |       1 |   7.1
       D:13 |    9472 |    1084 |  10.3 |      26 |       1 |   3.7
       D:14 |   15246 |     930 |   5.7 |      28 |       1 |   3.4
       D:15 |   11740 |    9408 |  44.5 |      16 |      11 |  40.7
     Lair:1 |    8555 |    2535 |  22.9 |      42 |      25 |  37.3
     Lair:2 |    9113 |    6077 |  40.0 |      29 |      22 |  43.1
     Lair:3 |    4527 |    2148 |  32.2 |      19 |       3 |  13.6
     Lair:4 |    9991 |   17884 |  64.2 |      26 |      87 |  77.0
     Lair:5 |    9924 |   13510 |  57.7 |      28 |      30 |  51.7
    Swamp:1 |   12305 |       0 |   0.0 |      22 |       0 |   0.0
    Swamp:2 |   11367 |       0 |   0.0 |      16 |       0 |   0.0
    Swamp:3 |   16275 |    8592 |  34.6 |      24 |       8 |  25.0
    Swamp:4 |   14088 |   12421 |  46.9 |      21 |      19 |  47.5
    Snake:1 |   10076 |       0 |   0.0 |      21 |       0 |   0.0
    Snake:2 |   27186 |    7438 |  21.5 |      56 |       2 |   3.4
    Snake:3 |   16842 |    3714 |  18.1 |      36 |       4 |  10.0
    Snake:4 |   23944 |   18248 |  43.2 |      45 |      24 |  34.8
      Orc:1 |    3301 |    4627 |  58.4 |      23 |      17 |  42.5
      Orc:2 |    2812 |    5203 |  64.9 |      22 |      21 |  48.8
      Elf:1 |   17802 |   14822 |  45.4 |      29 |      17 |  37.0
      Elf:2 |   11609 |   24463 |  67.8 |      19 |      31 |  62.0
      Elf:3 |   20974 |   35925 |  63.1 |      34 |      28 |  45.2
   Vaults:1 |   36013 |   21565 |  37.5 |      62 |      25 |  28.7
   Vaults:2 |   23747 |    3300 |  12.2 |      28 |       4 |  12.5
   Vaults:3 |   21846 |   27664 |  55.9 |      35 |      36 |  50.7
   Vaults:4 |   12921 |    8712 |  40.3 |      16 |      14 |  46.7
   Depths:1 |    9411 |   12317 |  56.7 |      12 |      12 |  50.0
      Sewer |       0 |     511 | 100.0 |       0 |      28 | 100.0
    Volcano |       0 |    6288 | 100.0 |       0 |      14 | 100.0
 Desolation |       0 |   54694 | 100.0 |       0 |     115 | 100.0
            +---------+---------+-------+---------+---------+-------
